 Dungeon Crawl Stone Soup version 0.32-a0-18-g89e19f1974 (webtiles) character file.

Game seed: 17688488655478072245

2710 cforsyth the Fighter (level 9, -7/101 HPs)
             Began as an Oni Shapeshifter on Jan 16, 2024.
             Was an Initiate of Qazlal.
             Mangled by Grum
             ... wielding a -2 halberd
              (26 damage)
             ... on level 8 of the Dungeon.
             The game lasted 00:10:11 (9395 turns).

cforsyth the Fighter (Oni Shapeshifter)             Turns: 9395, Time: 00:10:12

Health: -7/101     AC:  3    Str: 24    XL:     9   Next: 66%
Magic:  9/9        EV:  9    Int: 11    God:    Qazlal [......]
Gold:   354        SH:  0    Dex:  8    Spells: 8/8 levels left

rFire   . .          .
                       - Unarmed
rCold   . . .        (no shield)
rNeg    . . .        a - +0 animal skin
rPois   .            (helmet currently unavailable)
rElec   .            (cloak currently unavailable)
rCorr   +            (gloves unavailable)
SInv    .            (boots unavailable)
Will    .....        (no amulet)
Stlth   +            p - ring of resist corrosion
HPRegen 0.36/turn    (no ring)
MPRegen 0.11/turn

%: no passive effects
@: beast-form
A: beast (slay +4), large, unfitting armour, horns 1, tough skin 1, double
potion healing, drunken brawling
a: Begin Untransformation, Renounce Religion


You were on level 8 of the Dungeon.
You worshipped Qazlal.
Qazlal was noncommittal.
You were a hulking beast.
You visited 2 branches of the dungeon, and saw 9 of its levels.

You collected 439 gold pieces.
You spent 85 gold pieces at shops.

Inventory:

Missiles
 u - a throwing net (quivered)
Armour
 a - a +0 animal skin (worn)
Jewellery
 e - a ring of fire
 g - a ring of fire
 p - a ring of resist corrosion (left hand)
 s - a ring of wizardry
 t - an amulet of magic regeneration
 v - a +4 ring of slaying
Talismans
 c - a beast talisman
 d - a flux talisman
Scrolls
 b - a scroll of blinking {unknown}
 f - a scroll of teleportation {unknown}
 h - 2 scrolls of noise {unknown}
 k - 2 scrolls of enchant armour {unknown}
 l - 4 scrolls of identify {unknown}
 m - 2 scrolls of enchant weapon {unknown}
 n - 6 scrolls of fog {unknown}
 q - 3 scrolls of vulnerability {unknown}
 r - a scroll of immolation {unknown}
 w - 3 scrolls of revelation {unknown}
Potions
 i - 2 potions of haste
 j - 2 potions of invisibility {unknown}
 o - a potion of might
 z - 2 potions of lignification
 A - 2 potions of heal wounds {unknown}


   Skills:
 + Level 9.9 Fighting
 - Level 1.7 Dodging
 + Level 7.3 Unarmed Combat
 + Level 7.4 Shapeshifting


You had 8 spell levels left.
You didn't know any spells.
Your spell library contained the following spells:

 Spells                   Type           Power      Damage    Failure   Level
 Necrotise                Necr           0%         1d4       34%         1
 Blink                    Tloc           0%         N/A       47%         2
 Lesser Beckoning         Tloc           0%         N/A       47%         2
 Momentum Strike          Conj/Tloc      0%         3d8       47%         2
 Dazzling Flash           Conj/Hex       0%         N/A       71%         3
 Volatile Blastmotes      Fire/Tloc      0%         2d10      71%         3
 Dispel Undead            Necr           0%         3d6       98%         4
 Starburst                Conj/Fire      0%         6d3       100%        6
 Borgnjor's Revivificati  Necr           0%         N/A       100%        8
 Maxwell's Capacitive Co  Air            0%         ∞         100%        8


Dungeon Overview and Level Annotations

Branches:
Dungeon (8/15)             Temple (1/1) D:7
   Lair: D:8-11

Altars:
Ashenzari
Cheibriados
Elyvilon
Fedhas
Hepliaklqana
Kikubaaqudgha
Makhleb
Nemelex Xobeh
Okawaru
Qazlal
Ru
Sif Muna
Trog
Uskayaw
Vehumet
Wu Jian
Xom
Yredelemnul
Zin
The Shining One

Shops:
D:4 ?*!=   D:5 :

Annotations:
D:5 2 transporters, Sirjeffry24's ghost, novice BaHu
D:8 Grum


Innate Abilities, Weirdness & Mutations

You are a hulking beast.
Your limbs bulge with bestial killing power. (Slay +4)
You are too large for most types of armour.
You have a pair of small horns on your head.
You have tough skin. (AC +1)
You gain doubled healing and magic from potions.
Whenever you drink a healing potion, you attack all around you.


Message History

You hit the wolf.
The wolf is lightly wounded.
The wolf barely misses you. The wolf bites you but does no damage.
You punch the wolf! Your headbutt misses the wolf.
The wolf is heavily wounded.
The wolf barely misses you.
You barely miss the wolf. Your punch misses the wolf.
The wolf is heavily wounded.
The wolf barely misses you.
Grum hits you from afar with a -2 halberd!
You punch the wolf!
You kill the wolf!
Qazlal accepts your kill. Grum hits you with a -2 halberd!!
You hit Grum. Your headbutt misses Grum.
Grum is lightly wounded.
Grum hits you with a -2 halberd!!
You hit Grum. You headbutt Grum.
Grum is moderately wounded.
Grum closely misses you.
You barely miss Grum. You headbutt Grum, but do no damage.
Grum is moderately wounded.
Grum lets out an intimidating howl.
Grum hits you with a -2 halberd!
You are too injured to fight recklessly!
You are too injured to fight recklessly!
You are too injured to fight recklessly!
You are too injured to fight recklessly!
You are too injured to fight recklessly!
You are too injured to fight recklessly!
You are too injured to fight recklessly!
You are too injured to fight recklessly!
You hit Grum but do no damage.
Grum is moderately wounded.
Grum hits you with a -2 halberd!
* * * LOW HITPOINT WARNING * * *
You punch Grum! Your punch misses Grum.
Grum is heavily wounded.
Grum hits you with a -2 halberd!!
You die...

#.### #.#.##
###....###
........ #.....#
....
####.#########
#.......##...#
#h##.##.##...# #+#
#g##.##.##...###.#
#h##.##..........#
#h##.............#
#.#####.........<.
#.# #.##..[#....
#.# #.##...##.).
#.. ..##...##...
######.###...


You could see Grum and 2 wolves.

Vanquished Creatures
  A water moccasin (D:6)
  2 orc warriors (D:7)
  An ice beast (D:5)
  3 black bears
  3 ogres
  A sky beast (D:7)
  A wolf (D:8)
  2 centaurs
  A phantom (D:5)
  2 scorpions
  2 howler monkeys (D:5)
  3 bombardier beetles (D:5)
  4 jellies
  5 hounds
  9 orc priests
  A gnoll bouda (D:7)
  5 orc wizards
  A sleepcap (D:4)
  5 iguanas
  8 gnolls
  3 adders
  A shadow imp (D:5)
  2 ufetubi (D:6)
  2 dart slugs
  A ribbon worm (D:2)
  29 orcs
  5 ball pythons
  5 endoplasms
  2 giant cockroaches
  12 goblins
  6 hobgoblins
  9 jackals (D:1)
  12 kobolds
  6 quokkas
  6 bats
  A frilled lizard (D:3)
  3 rats
165 creatures vanquished.

Notes
Turn   | Place    | Note
-------+----------+-------------------------------------------
     0 | D:1      | cforsyth the Oni Shapeshifter began the quest for the Orb.
     0 | D:1      | Reached XP level 1. HP: 19/19 MP: 1/1
   127 | D:1      | Found a faded altar of an unknown god.
   149 | D:1      | Reached XP level 2. HP: 19/28 MP: 2/2
   159 | D:1      | Reached skill level 2 in Fighting
   346 | D:1      | Reached XP level 3. HP: 32/36 MP: 3/3
   982 | D:2      | Reached skill level 3 in Fighting
  1659 | D:3      | Found a hazy altar of Hepliaklqana.
  1757 | D:3      | Found a radiant altar of Vehumet.
  1761 | D:3      | Reached XP level 4. HP: 45/45 MP: 4/4
  2500 | D:3      | Found a bloodstained altar of Trog.
  2856 | D:3      | Found a sacrificial altar of Ru.
  2978 | D:4      | Reached skill level 4 in Fighting
  2978 | D:4      | Reached XP level 5. HP: 52/54 MP: 5/5
  2989 | D:5      | Entered Level 5 of the Dungeon
  3193 | D:4      | Reached XP level 6. HP: 7/63 MP: 6/6
  3464 | D:4      | Reached skill level 5 in Fighting
  3590 | D:4      | Found an ornate altar of the Wu Jian Council.
  3608 | D:4      | Found a blossoming altar of Fedhas.
  3610 | D:4      | You fall into a shaft and drop 3 floors!
  3902 | D:6      | Reached XP level 7. HP: 52/72 MP: 7/7
  4723 | D:5      | Reached skill level 6 in Fighting
  4723 | D:5      | Reached skill level 5 in Shapeshifting
  4763 | D:5      | Reached skill level 5 in Unarmed Combat
  5101 | D:4      | Found Giyzym's Assorted Antiques.
  5105 | D:4      | Bought a scroll labelled MURPHO AFIDON for 26 gold pieces
  5105 | D:4      | Bought a ruby potion for 23 gold pieces
  5198 | D:4      | Found Risoytaw's Magic Scroll Shoppe.
  5321 | D:4      | Found Gesikhliw's Distillery.
  5327 | D:4      | Bought a potion of curing for 36 gold pieces
  5390 | D:4      | Found Kerph's Jewellery Emporium.
  5545 | D:5      | Reached XP level 8. HP: 41/84 MP: 8/8
  5687 | D:5      | Reached skill level 7 in Fighting
  5751 | D:5      | Noticed a walking frostbound tome
  5756 | D:5      | Found a transporter.
  5757 | D:5      | Found Ezuneso's Book Shop.
  5757 | D:5      | Noticed a walking earthen tome
  5774 | D:5      | Found a snail-covered altar of Cheibriados.
  5802 | D:5      | Found an iron altar of Okawaru.
  6320 | D:5      | Reached skill level 8 in Fighting
  6606 | D:5      | Got Khufu's Enchiridion on Sinister Arts
  6645 | D:5      | Found a transporter.
  6649 | D:5      | Noticed Sirjeffry24's ghost (novice BaHu)
  6777 | D:6      | Reached XP level 9. HP: 83/97 MP: 9/9
  7079 | D:6      | Reached skill level 9 in Fighting
  7701 | D:7      | Found a staircase to the Ecumenical Temple.
  8447 | Temple   | Entered the Ecumenical Temple
  8454 | Temple   | Became a worshipper of Qazlal Stormbringer
  9035 | D:7      | HP: 1/101 [orc warrior/+0 broad axe (17)]
  9385 | D:8      | Noticed Grum
  9395 | D:8      | Mangled by Grum

Illustrated notes

Levels and vault maps discovered:
D:1:      lightli_arrival_maybe_door_vault, layout_loops_ring,
          ebering_ecumenical_altar_sacrificial, minivault_19
D:2:      layout_basic
D:3:      layout_basic, vehumet_crystals, lemuel_coloured_pillars_altar,
          nicolae_ru_path_of_blood, lemuel_doored_altar
D:4:      layout_cave_pools, overflow_temple_1_default,
          mainiacjoe_overflow_six_doors_small, serial_shops,
          nicolae_shop_back_alley_shop, nicolae_shop_rolling_square,
          nicolae_shop_rolled_up, kennysheep_mini_moat
D:5:      minmay_octagon_keep, layout_cave_pools, general_overflow_altar,
          nicolae_overflow_crystal_walls, serial_shops, nicolae_shop_mannequins,
          gammafunk_ghost_stat_death, minmay_ogre_servants
D:6:      layout_basic
D:7:      layout_loops_ring, lemuel_temple_firewalk_b
D:8:      layout_loops_corners, uniq_joseph, uniq_grum, uniq_pikel
Temple:   nicolae_temple_ecumenical_triangle

Skill      XL: |  1  2  3  4  5  6  7  8  9 |
---------------+----------------------------+-----
Fighting       | 2 3 4 5 6 8 9 |  9.9
Unarmed Combat | 3 4 5 6 7 |  7.3
Shapeshifting  | 4 5 6 7 |  7.4
Dodging        | |  1.7

Action                     |  1- 3 |  4- 6 |  7- 9 || total
---------------------------+-------+-------+-------++-------
  Melee: Unarmed           |   123 |   126 |   273 ||   522
         Headbutt          |    15 |    18 |    50 ||    83
         Punch             |     2 |     2 |     7 ||    11
    Use: Potion            |       |     3 |     6 ||     9
   Stab: Sleeping          |     2 |       |       ||     2
 Armour: Animal skin       |    69 |    90 |   243 ||   402
         Skin              |       |    33 |       ||    33
  Dodge: Dodged            |    56 |    53 |   155 ||   264

Table legend: (Time is in decaauts)
 A = Elapsed time spent in this place.
 B = Non-inter-level travel time spent in this place.
 C = Inter-level travel time spent in this place.
 D = Time resting spent in this place.
 E = Time spent auto-exploring this place.
 F = Levels seen in this place.
 G = Mean time per level.
                   A        B        C        D        E       F      G
               +--------+--------+--------+--------+--------+-----+--------+
         Total |   9340 |   9129 |    211 |   2011 |   5800 |   9 | 1037.8 |
       Dungeon |   9327 |   9122 |    205 |   2011 |   5800 |   8 | 1165.9 |
        Temple |     12 |      7 |      5 |      0 |      0 |   1 |   12.0 |
               +--------+--------+--------+--------+--------+-----+--------+

Top non-repeatable levels by time:
     D:7: 2046 daAuts
     D:3: 1542 daAuts
     D:4: 1371 daAuts
     D:6: 1324 daAuts
     D:5: 1009 daAuts
     D:2: 893 daAuts
     D:1: 771 daAuts
     D:8: 370 daAuts
  Temple: 12 daAuts
